Map: Dusk Towers

Players

IIIIIIIIIIII

  • Race: Terran Terran
  • League: Master

xKawaiian - Winner!

  • Race: Terran Terran
  • League: Master

VOD

Have the link to the VOD?

Description

Time

  • Played on: Jan. 12, 2016, 9:44 p.m.
  • Length: 11:51
Show
View Real Time Build Order
Export as new Build Order

IIIIIIIIIIII Terran 

Build Orders:  

Get SALT Encoding   

  12  0:11  SCV  
  13  0:27  Supply Depot  
  13  0:38  SCV  
  13  0:39  Refinery  
  14  0:50  SCV  
  14  0:52  Barracks  
  15  1:03  SCV  
  16  1:06  Refinery  
  16  1:15  SCV  
  17  1:27  SCV  
  18  1:39  Marine  
  19  1:40  Factory, Orbital Command  
  18  1:56  Supply Depot  
  18  1:59  Barracks Reactor  
  18  2:09  SCV  
  19  2:23  Factory Tech Lab  
  19  2:32  Starport  
  19  2:34  SCV  
  20  2:37  Marine x2  
  20  2:43  Siege Tank  
  25  2:53  SCV  
  25  2:55  Marine x2  
  28  3:07  Supply Depot  
  28  3:10  Viking  
  30  3:19  SCV  
  31  3:28  Marine x2  
  31  3:30  Supply Depot  
  33  3:38  Siege Tank  
  36  3:41  SCV  
  37  3:50  Viking  
  40  3:55  SCV  
  40  4:07  SCV  
  41  4:24  Command Center  
  41  4:27  Medivac  
  43  4:33  Marine  
  43  4:38  SCV  
  45  4:39  Supply Depot  
  46  4:52  SCV  
  46  5:08  SCV  
  46  5:13  Command Center, Marine x2  
  49  5:16  Siege Tank  
  52  5:25  Supply Depot, SCV  
  53  5:37  Viking  
  55  5:44  Factory  
  55  5:47  Barracks Reactor  
  52  6:11  SCV, Viking x2  
  50  6:12  Siege Tank  
  53  6:24  Engineering Bay  
  53  6:29  Orbital Command  
  53  6:37  Orbital Command  
  53  6:55  Missile Turret  
  53  6:59  Sensor Tower, Missile Turret  
  53  7:02  SCV x2  
  53  7:07  SCV  
  56  7:14  SCV  
  58  7:19  SCV, Missile Turret  
  58  7:26  SCV  
  57  7:32  Orbital Command  
  54  7:38  SCV, Siege Tank  
  54  7:40  Viking x2  
  54  7:44  SCV  
  63  7:50  SCV  
  63  7:51  Supply Depot  
  64  7:53  Refinery  
  64  7:55  Refinery  
  64  7:56  Hellion  
  64  7:57  Hellion  
  68  8:02  SCV x2  
  70  8:12  SCV  
  71  8:14  SCV, Siege Tank, Sensor Tower  
  75  8:20  Refinery  
  75  8:21  SCV, Refinery  
  77  8:28  Hellion x2  
  77  8:30  Orbital Command  
  75  8:54  Hellion  
  77  8:58  Supply Depot  
  77  9:01  Supply Depot  
  77  9:05  SCV x2, Armory  
  77  9:06  SCV  
  80  9:14  Siege Tank  
  79  9:17  SCV x2  
  79  9:18  SCV  
  82  9:27  Orbital Command  
  82  9:29  SCV  
  81  9:42  Command Center, SCV  
  82  9:49  SCV  
  83  9:54  SCV x2  
  85  10:01  SCV, Refinery  
  85  10:03  Hellion  
  85  10:04  Hellion  
  85  10:06  SCV x2  
  92  10:08  Sensor Tower  
  92  10:09  Refinery  
  73  10:34  SCV  
  67  10:36  SCV x2  
  66  10:46  SCV, Refinery  
  66  10:48  SCV  
  66  10:49  SCV  
  66  10:58  SCV, Hellion x2, Orbital Command  
  64  11:06  Siege Tank  
  67  11:13  Factory  
  67  11:14  Factory  
  67  11:16  SCV x2  
  66  11:19  SCV  
  66  11:20  Hellion x2  
  74  11:28  SCV x2  
  74  11:31  SCV  
  77  11:36  Missile Turret  
  77  11:38  Missile Turret  
Show
View Real Time Build Order
Export as new Build Order

xKawaiian Terran - Winner!

Build Orders: 1/1/1, Cyclone Opening, MMM Bio 

Get SALT Encoding   

  12  0:00  SCV  
  13  0:13  SCV  
  14  0:17  Supply Depot  
  14  0:25  SCV  
  15  0:39  SCV, Barracks  
  16  0:45  Refinery  
  16  0:51  SCV  
  16  0:53  Refinery  
  17  1:03  SCV  
  18  1:15  SCV  
  19  1:27  Orbital Command  
  19  1:28  Marine  
  20  1:34  Factory  
  20  1:42  Supply Depot  
  20  1:46  Marine  
  21  1:55  SCV  
  22  2:04  Marine  
  22  2:07  SCV  
  24  2:17  Factory Tech Lab  
  24  2:20  SCV, Starport  
  25  2:23  Marine  
  25  2:28  Supply Depot  
  26  2:32  SCV  
  27  2:39  Cyclone  
  27  2:41  Marine  
  31  2:50  SCV  
  32  2:56  Medivac  
  34  2:59  Marine  
  34  3:02  Supply Depot, SCV  
  36  3:11  Siege Tank  
  39  3:15  Liberator  
  39  3:23  SCV, Marine  
  39  3:25  Supply Depot  
  44  3:35  SCV  
  44  3:41  Marine  
  45  3:48  SCV  
  47  3:59  Marine  
  48  4:07  Command Center  
  48  4:08  SCV  
  49  4:15  Starport Reactor  
  49  4:20  SCV  
  49  4:22  Barracks  
  49  4:24  Barracks  
  50  4:31  Factory Tech Lab, Barracks Reactor  
  50  4:35  SCV  
  51  4:47  SCV  
  51  4:50  Siege Tank  
  55  5:00  Starport Reactor  
  55  5:03  Supply Depot  
  55  5:07  Supply Depot  
  55  5:15  Stimpack  
  55  5:18  SCV  
  56  5:23  Orbital Command  
  56  5:26  Marine  
  57  5:29  Marine  
  57  5:30  SCV, Marine  
  60  5:38  Medivac  
  60  5:39  Marine, Medivac  
  60  5:40  Marine  
  66  5:43  SCV  
  67  5:52  Marine  
  67  5:55  Marine  
  69  6:07  Marine x2  
  69  6:08  Siege Tank  
  69  6:09  Medivac  
  74  6:15  SCV x2  
  76  6:18  Refinery  
  76  6:19  Supply Depot, Refinery, Marine x2  
  76  6:20  Marine  
  76  6:22  Supply Depot  
  79  6:27  SCV, Medivac  
  79  6:29  Marine  
  79  6:32  SCV  
  84  6:35  Supply Depot  
  84  6:36  Marine  
  86  6:40  SCV  
  86  6:44  Marine  
  87  6:50  SCV  
  87  6:52  SCV  
  89  6:55  Barracks  
  89  6:56  Barracks  
  89  6:57  Marine x2  
  91  7:02  SCV  
  92  7:10  SCV  
  92  7:14  SCV  
  94  7:16  Combat Shields  
  92  7:25  Siege Tank, Marine  
  92  7:28  Medivac x2  
  100  7:33  Command Center, SCV  
  100  7:34  SCV  
  89  7:38  Engineering Bay  
  89  7:42  Engineering Bay  
  89  7:44  Marauder  
  88  7:49  Barracks Tech Lab x2  
  85  7:58  Medivac  
  87  8:01  SCV, Supply Depot  
  87  8:02  SCV, Supply Depot  
  89  8:08  Medivac  
  89  8:09  Marine  
  92  8:13  SCV  
  92  8:14  SCV  
  92  8:15  Terran Infantry Weapons Level 1  
  92  8:19  Terran Infantry Armor Level 1  
  94  8:24  Marine  
  94  8:25  SCV  
  94  8:26  SCV  
  97  8:27  Marine  
  98  8:37  Siege Tank, Medivac  
  98  8:39  Marine  
  103  8:43  Marauder  
  103  8:48  Marauder, Marine  
  108  8:52  SCV  
  108  8:55  Orbital Command  
  109  8:59  Marauder, Marine  
  112  9:05  Marine, Marauder  
  112  9:09  Marauder  
  114  9:13  Armory, SCV  
  113  9:21  Marauder  
  113  9:22  SCV x2  
  113  9:24  Siege Tank  
  120  9:25  Marine  
  120  9:26  Concussive Shells, Marauder  
  123  9:34  Marine  
  123  9:35  Marauder, Marine  
  123  9:36  Marine  
  125  9:40  SCV  
  125  9:42  Marauder  
  125  9:43  Marine  
  125  9:45  SCV  
  130  9:58  SCV  
  131  10:00  Refinery x2  
  131  10:02  Command Center  
  131  10:03  SCV  
  131  10:04  Marauder x2, Marine x3  
  139  10:09  Marine  
  139  10:13  SCV  
  141  10:17  SCV  
  141  10:19  Supply Depot  
  141  10:20  Supply Depot  
  141  10:21  Medivac  
  141  10:25  Marauder  
  128  10:32  Marauder, Medivac, Marine x2  
  118  10:38  Marauder, Marine x2  
  117  10:46  Marauder  
  117  10:48  SCV x2  
  117  10:49  Marine x2  
  117  10:54  Marauder  
  117  10:55  SCV  
  117  10:57  Supply Depot  
  122  10:58  Supply Depot  
  122  11:04  Marine x2, Medivac  
  121  11:06  SCV x2  
  121  11:10  Marine  
  125  11:13  Marauder  
  125  11:14  SCV x2  
  129  11:22  Barracks  
  129  11:24  Barracks  
  128  11:25  Marine  
  128  11:31  Marine  
  132  11:39  SCV  
Tags
 
Add a new tag
Caveats
  • Supply blocks, unpowered buildings, or Contaminate may cause inaccurate times.
  • Supply counts are checked every 10 seconds.